 Dungeon Crawl Stone Soup version 0.29.1-1-gd02db6906a (webtiles) character file.

Game seed: 2967949385350402191

179 Marcotte the Grave Robber (level 5, -14/35 HPs)
             Began as a Human Necromancer on Sept 14, 2022.
             Demolished by a hornet (17 damage)
             ... while paralysed by a hornet
             ... on level 6 of the Dungeon on Sept 15, 2022.
             The game lasted 00:16:33 (4444 turns).

Marcotte the Grave Robber (Human Necromancer)       Turns: 4444, Time: 00:16:34

Health: -14/35     AC:  2    Str:  9    XL:     5   Next: 90%
Magic:  0/10       EV:  2    Int: 17    God:
Gold:   210        SH:  0    Dex: 13    Spells: 7/11 levels left

rFire   + . .      SeeInvis .   c - +0 short sword
rCold   . . .      Faith    .   (no shield)
rNeg    . . .      Spirit   +   a - +0 robe
rPois   .          Reflect  .   (no helmet)
rElec   .          Harm     +   f - scarf {harm}
rCorr   .          Rampage  .   (no gloves)
Will    .....                   (no boots)
Stlth   ++........              l - amulet of guardian spirit
HPRegen 0.11/turn               j - +4 ring of evasion
MPRegen 0.12/turn               k - ring of protection from fire

@: paralysed, lethally poisoned (-14 -> -29), slowed
A: no striking features
a: no special abilities


You were on level 6 of the Dungeon.
You visited 1 branch of the dungeon, and saw 4 of its levels.

You collected 210 gold pieces.

Inventory:

Hand Weapons
 c - a +0 short sword (weapon)
 d - a +1 halberd of venom
 e - a +0 dagger
Armour
 a - a +0 robe (worn)
 f - a scarf of harm (worn)
Jewellery
 j - a +4 ring of evasion (left hand)
 k - a ring of protection from fire (right hand)
 l - an amulet of guardian spirit (around neck)
Wands
 n - a wand of paralysis (14)
Scrolls
 h - 2 scrolls of identify
 o - a scroll of brand weapon {unknown}
 q - 3 scrolls of silence {unknown}
 s - a scroll of amnesia {unknown}
 u - 2 scrolls of teleportation {unknown}
Potions
 b - a potion of magic
 g - a potion of cancellation {unknown}
 i - a potion of degeneration {unknown}
 m - a potion of might
 p - a potion of ambrosia {unknown}
 r - 3 potions of haste {unknown}
 t - a potion of heal wounds {unknown}
 v - a potion of lignification {unknown}
 w - a potion of invisibility {unknown}


   Skills:
 + Level 0.3 Short Blades
 + Level 2.2 Dodging
 + Level 2.5 Stealth
 + Level 3.7 Spellcasting
 + Level 5.2 Necromancy


You had 7 spell levels left.
You knew the following spells:

 Your Spells              Type           Power      Damage    Failure   Level
a - Necrotise             Necr           84%        1d8       1%          1
b - Vampiric Draining     Necr           21%        2d7       5%          3

Your spell library contained the following spells:

 Spells                   Type           Power      Damage    Failure   Level
 Animate Dead             Necr           21%        N/A       19%         4
 Gell's Gravitas          Tloc           3%         N/A       43%         3
 Ozocubu's Armour         Ice            3%         N/A       43%         3
 Teleport Other           Tloc           3%         N/A       43%         3
 Agony                    Necr           21%        N/A       45%         5
 Dispersal                Tloc           1%         N/A       100%        6
 Ozocubu's Refrigeration  Ice            1%         4d7       100%        7


Dungeon Overview and Level Annotations

Branches:
Dungeon (6/15)
 Temple: D:4-7

Altars:
Wu Jian

Shops:
D:1 ?


Message History

Press: ? - help, Shift-Dir - straight line, f/p - hornet
Aim: a hornet (lightly wounded)
Okay, then.
Casting: Vampiric Draining (dangerous; 5% risk of failure)
Confirm with . or Enter, or press ? or * to list all spells.
Aiming: Necrotise (safe; 1% risk of failure)
Press: ? - help, Shift-Dir - straight line, f/p - hornet
Aim: a hornet (lightly wounded, chance to affect: 73%)
The hornet writhes in agony!
The hornet barely misses you. The hornet stings you.
You are poisoned.
You feel yourself slow down.
Unknown command.
You feel yourself speed up.
You feel very sick. The hornet barely misses you.
Casting: Necrotise (safe; 1% risk of failure)
Confirm with . or Enter, or press ? or * to list all spells.
Aiming: Vampiric Draining (dangerous; 5% risk of failure)
Press: ? - help, Shift-Dir - straight line, f/p - hornet
Aim: a hornet (moderately wounded)
You draw life force from the hornet!
You feel life coursing into your body!
You feel sick. The hornet barely misses you.
Casting: Vampiric Draining (dangerous; 5% risk of failure)
Confirm with . or Enter, or press ? or * to list all spells.
Aiming: Necrotise (safe; 1% risk of failure)
Press: ? - help, Shift-Dir - straight line, f/p - hornet
Aim: a hornet (severely wounded, chance to affect: 73%)
The hornet writhes in agony.
You feel sick. The hornet stings you!
You suddenly lose the ability to move!
The hornet stings you!
* * * LOW HITPOINT WARNING * * *
You are lethally poisoned!
You feel yourself slow down.
The ufetubus hits you but does no damage.
The ufetubus hits you.
* * * LOW HITPOINT WARNING * * *
* * * LOW HITPOINT WARNING * * *
You feel very sick. The hornet stings you!
You die...

#########.###
.##...........
.........!..#
.#..........#
............#
#...l.....#
...#.#.########
........y......#
###.#.>.5@.....#
..............#
.................
##............###
.........######
.?###..... ##
#..... ..####


You could see a hornet, an iguana and an ufetubus.

Vanquished Creatures
  Jessica (D:3)
  3 gnolls (D:3)
  5 adders
  2 worms (D:2)
  3 dart slugs
  5 endoplasms
  2 giant cockroaches
  4 goblins
  4 hobgoblins
  3 jackals (D:1)
  2 quokkas (D:1)
  A ball python (D:3)
  11 bats
  4 frilled lizards
  5 kobolds
  4 rats
59 creatures vanquished.

Vanquished Creatures (collateral kills)
  A bat (D:1)
  3 endoplasms (D:1)
  2 goblins (D:1)
  A ball python (D:3)
  A frilled lizard (D:1)
  4 rats
12 creatures vanquished.

Vanquished Creatures (others)
  4 toadstools (D:1)
4 creatures vanquished.

Grand Total: 75 creatures vanquished

Notes
Turn   | Place    | Note
-------+----------+-------------------------------------------
     0 | D:1      | Marcotte the Human Necromancer began the quest for the Orb.
     0 | D:1      | Reached XP level 1. HP: 13/13 MP: 3/3
   202 | D:1      | Reached XP level 2. HP: 14/19 MP: 0/5
   402 | D:1      | Reached XP level 3. HP: 13/24 MP: 0/6
  1388 | D:1      | Found Gaunoiwn's Magic Scroll Emporium.
  1559 | D:1      | Learned a level 3 spell: Vampiric Draining
  1907 | D:2      | Reached XP level 4. HP: 13/30 MP: 0/7
  3130 | D:3      | Reached skill level 5 in Necromancy
  3294 | D:3      | Reached XP level 5. HP: 34/35 MP: 3/9
  3778 | D:3      | Noticed Jessica
  3784 | D:3      | Killed Jessica
  3836 | D:3      | Upgraded the game from 0.29.1 to 0.29.1-1-gd02db6906a
  3848 | D:3      | Found an ornate altar of the Wu Jian Council.
  4080 | D:3      | Found a faded altar of an unknown god.
  4432 | D:3      | You fall into a shaft and drop 3 floors!
  4435 | D:6      | Noticed a hornet
  4443 | D:6      | Paralysed by a hornet for 3 turns
  4444 | D:6      | Demolished by a hornet

Illustrated notes

Levels and vault maps discovered:
D:1:      ldierk_walled_garden_2, layout_rooms, serial_shops,
          nicolae_shop_trees, minmay_pentomino_t2
D:2:      layout_loops_cross, chequers_serial_rivers_micro_e
D:3:      layout_basic, nicolae_wu_jian_wuxing_cycle,
          ebering_ecumenical_altar_rust, chequers_jeans, uniq_jessica
D:6:      layout_rooms, temple_green, grunt_ministairs_12

Skill      XL: |  1  2  3  4 |
---------------+-------------+-----
Spellcasting   | 3 |  3.7
Necromancy     | 5 |  5.2
Short Blades   | |  0.3
Dodging        | |  2.2
Stealth        | |  2.5

Action                   |  1- 3 |  4- 6 || total
-------------------------+-------+-------++-------
Melee: Unarmed           |    11 |       ||    11
       Dagger            |     8 |       ||     8
       Short sword       |    17 |     1 ||    18
 Cast: Necrotise         |    55 |    66 ||   121
       Vampiric Draining |     1 |     1 ||     2
  Use: Potion            |     1 |     1 ||     2
       Scroll            |     1 |       ||     1
 Stab: Distracted        |     1 |       ||     1
Armor: Robe              |    35 |     2 ||    37
Dodge: Dodged            |    79 |    26 ||   105
